 Dungeon Crawl Stone Soup version 0.18.1-48-g4cf74bf (webtiles) character file.

170 Heedrag the Conjurer (level 5, 0/28 HPs)
             Began as a Deep Elf Conjurer on Aug 13, 2016.
             Shot with a stone by a goblin (7 damage)
             ... on level 3 of the Dungeon.
             The game lasted 00:05:03 (2528 turns).

Heedrag the Conjurer (Deep Elf Conjurer)            Turns: 2528, Time: 00:05:04

Health: 0/28       AC:  2    Str:  6    XL:     5   Next: 25%
Magic:  6/14       EV: 13    Int: 20    God:
Gold:   173        SH:  0    Dex: 15    Spells: 3 memorised, 3 levels left

rFire  . . .     SeeInvis .     k - +0 dagger
rCold  . . .     Gourm    .     a - +0 robe
rNeg   . . .     Faith    .     (no shield)
rPois  .         Spirit   .     (no helmet)
rElec  .         Dismiss  .     (no cloak)
rCorr  .         Reflect  .     (no gloves)
SustAt .         Harm     .     (no boots)
MR     .....                    (no amulet)
Stlth  ++........               (no ring)
                                (no ring)

@: not resistant to hostile enchantments, unstealthy
A: no striking features
a: no special abilities


You were on level 3 of the Dungeon.
You were not hungry.

You visited 1 branch of the dungeon, and saw 3 of its levels.

You collected 173 gold pieces.

Inventory:

Hand Weapons
 k - a +0 dagger (weapon)
Armour
 a - a +0 robe (worn)
 m - a +0 buckler
Wands
 r - a wand of iceblast (7/15)
Scrolls
 e - 2 scrolls of enchant weapon {unknown}
 f - a scroll of enchant armour {unknown}
 i - a scroll of random uselessness {unknown}
 n - 3 scrolls of remove curse {unknown}
 o - 4 scrolls of identify {unknown}
 p - a scroll of amnesia {unknown}
Potions
 d - 2 potions of curing {unknown}
 g - 2 potions of might {unknown}
 h - 2 potions of magic {unknown}
 j - a potion of heal wounds {unknown}
 l - a potion of resistance {unknown}
 s - a potion of invisibility {unknown}
 t - a potion of flight {unknown}
 u - a potion of ambrosia {unknown}
Books
 b - a book of Conjurations

   Spells                             Type                      Level
   a - Magic Dart                     Conjuration                  1
   b - Searing Ray                    Conjuration                  2
   c - Dazzling Spray                 Conjuration/Hexes            3
   d - Fulminant Prism                Conjuration/Hexes            4
   e - Iskenderun's Mystic Blast      Conjuration                  4
   f - Iskenderun's Battlesphere      Conjuration/Charms           5
Comestibles
 c - 2 bread rations
 q - 4 chunks of flesh


   Skills:
 - Level 2.4 Dodging
 - Level 2.4 Stealth
 + Level 4.8 Spellcasting
 * Level 6.4 Conjurations
 + Level 0.4 Charms


You had 3 spell levels left.
You knew the following spells:

 Your Spells              Type           Power        Failure   Level  Hunger
a - Magic Dart            Conj           ####         1%          1    None
b - Iskenderun's Mystic   Conj           ####....     10%         4    ####...
c - Iskenderun's Battles  Conj/Chrm      ###.....     82%         5    ######.


Dungeon Overview and Level Annotations

Branches:
Dungeon (3/15)

Altars:


Message History

Tha gnoll barely misses ye.
Tha goblin shoots a stone.
Tha stone hits ye.
Castin': Magic Dart Confirm wit' . or Enter, or press ? or * ta list all spells.
Aimin': Magic Dart
Press: ? - help, Shift-Dir - straight line, f/p - gnoll
Aim: a gnoll, wieldin' a spear (almost dead) Tha magic dart hits tha gnoll.
Ye kill tha gnoll!
Tha hobgoblin hits ye wit' a club.
Tha goblin shoots a stone.
Tha stone hits ye.
* * * LOW HITPOINT WARNIN'
* * * Castin': Magic Dart Confirm wit' . or Enter, or press ? or * ta list all spells.
Aimin': Magic Dart
Press: ? - help, Shift-Dir - straight line, f - hobgoblin
Aim: a hobgoblin, wieldin' a club (severely wounded) Tha magic dart hits tha hobgoblin.
Ye kill tha hobgoblin!
Tha goblin shoots a stone.
Tha stone hits ye!
Ye die...

≈≈.....≈≈≈≈≈≈≈≈≈≈≈≈
####')################
#))..#.......#.....##
#....#.....))'...(..##
###....#########..)....#
.#......#.......).)....#
.'......'..(...).).....+
.#......#.......)......#
###....#########@......#
#....# .....g').....##
#....# .....)#.....##
###### #############


You could see a goblin.

Vanquished Creatures
  A worker ant (D:3)
  A gnoll (D:3)
  3 adders (D:2)
  3 worms
  2 dart slugs
  2 giant geckos (D:3)
  An orc (D:3)
  A ball python (D:1)
  3 giant cockroaches
  13 hobgoblins
  9 jackals (D:1)
  6 kobolds
  A quokka (D:3)
  8 bats
  3 giant newts
  23 goblins
  6 rats
86 creatures vanquished.

Notes
Turn   | Place    | Note
--------------------------------------------------------------
     0 | D:1      | Heedrag the Deep Elf Conjurer began the quest for the Orb.
     0 | D:1      | Reached XP level 1. HP: 10/10 MP: 6/6
   278 | D:1      | Reached XP level 2. HP: 15/15 MP: 6/8
   454 | D:1      | Reached skill level 5 in Conjurations
   747 | D:1      | Reached XP level 3. HP: 19/19 MP: 7/10
  1420 | D:2      | Reached XP level 4. HP: 24/24 MP: 7/12
  1441 | D:2      | Learned a level 4 spell: Iskenderun's Mystic Blast
  1727 | D:3      | Reached skill level 6 in Conjurations
  2248 | D:3      | Reached XP level 5. HP: 28/28 MP: 5/13
  2261 | D:3      | Learned a level 5 spell: Iskenderun's Battlesphere
  2528 | D:3      | Shot with a stone by a goblin

Skill      XL: |  1  2  3  4 |
---------------+-------------+-----
Conjurations   | 5 6 |  6.4
Spellcasting   | 4 |  4.8
Dodging        | |  2.4
Stealth        | |  2.4
Charms         | |  0.4

Action                   |  1- 3 |  4- 6 || total
-------------------------+-------+-------++-------
Melee: Dagger            |     4 |     1 ||     5
 Cast: Magic Dart        |    84 |    95 ||   179
  Eat: Chunk             |     1 |     4 ||     5
Armor: Robe              |     1 |       ||     1
Dodge: Dodged            |     9 |    12 ||    21
